 Dungeon Crawl Stone Soup version 0.23.1 (webtiles) character file.

Game seed: 6971252989761042745

82 Kairos the Sneak (level 4, 0/21 HPs)
             Began as a Vine Stalker Enchanter on Mar 6, 2019.
             Slain by a rat (1 damage)
             ... on level 2 of the Dungeon.
             The game lasted 00:03:28 (1390 turns).

Kairos the Sneak (Vine Stalker Enchanter)           Turns: 1390, Time: 00:03:30

Health: 0/21       AC:  6    Str: 11    XL:     4   Next: 43%
Magic:  0/8        EV: 11    Int: 15    God:
Gold:   53         SH:  0    Dex: 15    Spells: 6/7 levels left

rFire    . . .     SeeInvis +   a - +1 dagger
rCold    . . .     Gourm    .   (no shield)
rNeg     . . .     Faith    .   m - +0 ring mail
rPois    .         Spirit   +   (no helmet)
rElec    .         Reflect  .   (no cloak)
rCorr    .         Harm     .   (no gloves)
MR       .....                  q - +0 pair of boots
Stlth    +++.......             f - amulet of magic regeneration
HPRegen  0.47/turn              h - ring of see invisible
MPRegen  0.36/turn              i - ring of stealth

@: no status effects
A: fangs 2, regeneration 1, magic shield, antimagic bite, no potion heal 3, rot
immunity
a: no special abilities


You were on level 2 of the Dungeon.
You were hungry.

You visited 1 branch of the dungeon, and saw 2 of its levels.

You collected 53 gold pieces.

Inventory:

Hand Weapons
 a - a +1 dagger (weapon)
Armour
 b - a +0 robe
 m - a +0 ring mail (worn)
 q - a +0 pair of boots (worn)
Jewellery
 c - an uncursed ring of flight
 e - an uncursed ring of ice
 f - an amulet of magic regeneration (around neck)
 h - a ring of see invisible (left hand)
 i - a ring of stealth (right hand)
Scrolls
 j - a scroll of remove curse
 l - a scroll of teleportation {unknown}
 p - a scroll of identify {unknown}
Potions
 g - a potion of cancellation {unknown}
 k - a potion of curing {unknown}
 n - a potion of resistance {unknown}
Comestibles
 d - 2 rations
 o - a chunk of flesh


   Skills:
 + Level 0.4 Fighting
 + Level 1.6 Short Blades
 + Level 0.1 Armour
 + Level 2.1 Dodging
 + Level 4.7 Stealth
 + Level 2.4 Spellcasting
 + Level 3.4 Hexes


You had 6 spell levels left.
You knew the following spells:

 Your Spells              Type           Power        Failure   Level  Hunger
a - Corona                Hex            ##.....      13%         1    #......

Your spell library contained the following spells:

 Spells                   Type           Power        Failure   Level  Hunger
 Ensorcelled Hibernation  Hex/Ice        #.....       36%         2    ###....
 Confuse                  Hex            ##......     36%         3    ###....
 Tukima's Dance           Hex            ##......     36%         3    ###....
 Dazzling Spray           Conj/Hex       #.....       61%         3    ###....


Dungeon Overview and Level Annotations

Branches:
Dungeon (2/15)

Altars:
Okawaru

Annotations:
D:2 Sigmund


Innate Abilities, Weirdness & Mutations

You have extremely sharp teeth.
Your natural rate of healing is unusually fast.
When hurt, damage is shared between your health and your magic reserves.
Your bite disrupts and absorbs the magic of your enemies.
Potions cannot restore your health.
You are immune to rotting.


Message History

Sigmund falters for a moment.
You hit Sigmund. You bite Sigmund.
Sigmund's magic leaks into the air.
You drain his magic.
You feel invigorated.
Sigmund is almost dead.
The rat bites you but does no damage.
You closely miss Sigmund. You bite Sigmund.
Sigmund's magic leaks into the air.
You drain his magic.
Sigmund is almost dead.
Sigmund says, "Your kind have come here before.
I understand now why.
You desire death..."
Sigmund falters for a moment.
The rat barely misses you.
You hit Sigmund. Your bite misses Sigmund.
Sigmund is almost dead.
Sigmund completely misses you. The rat closely misses you.
You hit Sigmund but do no damage. You bite Sigmund.
Sigmund's magic leaks into the air.
You drain his magic.
Sigmund is almost dead.
Sigmund hits you with a +0 scythe!
* * * LOW HITPOINT WARNING * * *
The rat bites you.
You die...

#.# #.#### #....#####
#........# #[...#...# #
#...#.#).###.###
#..#._.#........
#...#.#.........
##########†...#@@........
...............r..###+###
.†.........)'.....+
###).########..........
.....# #.....(###. ##...#
........# ##...#
.........# .....#
...........# ##...#
...........##


You could see Sigmund and a rat.

Vanquished Creatures
  Jessica (D:2)
  An adder (D:2)
  A leopard gecko (D:2)
  6 giant cockroaches
  6 goblins
  4 hobgoblins
  4 jackals (D:2)
  5 bats (D:1)
  7 frilled lizards
  3 kobolds
  9 rats
47 creatures vanquished.

Notes
Turn   | Place    | Note
-------+----------+-------------------------------------------
     0 | D:1      | Kairos the Vine Stalker Enchanter began the quest for the
                  | Orb.
     0 | D:1      | Reached XP level 1. HP: 9/9 MP: 4/4
    58 | D:1      | Reached skill level 1 in Short Blades
   116 | D:1      | Reached XP level 2. HP: 13/13 MP: 6/6
   396 | D:1      | Reached skill level 4 in Stealth
   561 | D:1      | Reached XP level 3. HP: 15/16 MP: 5/7
  1009 | D:2      | Noticed Jessica
  1027 | D:2      | Killed Jessica
  1027 | D:2      | Gained mutation: Your natural rate of healing is unusually
                  | fast. [Vine Stalker growth]
  1027 | D:2      | Reached XP level 4. HP: 18/21 MP: 6/8
  1295 | D:2      | Found an iron altar of Okawaru.
  1345 | D:2      | Noticed Sigmund
  1390 | D:2      | HP: 1/21 [Sigmund/+0 scythe (3)]
  1390 | D:2      | Slain by a rat

Skill      XL: |  1  2  3 |
---------------+----------+-----
Short Blades   | 1 |  1.6
Stealth        | 4 |  4.7
Dodging        | 2 |  2.1
Fighting       | |  0.4
Armour         | |  0.1
Spellcasting   | |  2.4
Hexes          | |  3.4

Action                   |  1- 3 |  4- 6 || total
-------------------------+-------+-------++-------
Melee: Dagger            |   100 |    99 ||   199
       Bite              |    19 |    23 ||    42
 Cast: Corona            |     1 |       ||     1
  Use: Scroll            |     3 |       ||     3
 Stab: Sleeping          |     8 |     1 ||     9
  Eat: Chunk             |       |     1 ||     1
Armor: Robe              |    16 |       ||    16
       Ring mail         |     2 |    38 ||    40
Dodge: Dodged            |    56 |    69 ||   125
